 Dungeon Crawl Stone Soup version 0.25.1-2-g60ff931df9 (webtiles) character file.

Game seed: 13054557806756910440

10014 funkygono the Basher (level 11, -1/97 HPs)
             Began as a Minotaur Fighter on Nov 8, 2020.
             Was a Priest of the Shining One.
             Slain by a black mamba (3 damage)
             ... on level 2 of the Lair of Beasts.
             The game lasted 00:24:19 (11471 turns).

funkygono the Basher (Minotaur Fighter)            Turns: 11471, Time: 00:24:20

Health: -1/97      AC: 23    Str: 30    XL:     11   Next: 30%
Magic:  10/10      EV:  4    Int:  5    God:    the Shining One [***...]
Gold:   770        SH: 11    Dex: 10    Spells: 10/10 levels left

rFire    + . .     SeeInvis .   H - +8 flail (holy)
rCold    + . .     Gourm    .   c - +0 kite shield
rNeg     + . .     Faith    .   o - +1 gold dragon scales
rPois    +         Spirit   .   (helmet restricted)
rElec    .         Reflect  .   F - +0 cloak
rCorr    .         Harm     .   E - +0 pair of gloves
MR       .....                  A - +0 pair of boots
Stlth    ..........             n - amulet of magic regeneration
HPRegen  0.26/turn              i - +6 ring of strength
MPRegen  0.37/turn              m - ring of poison resistance

@: glowing
A: retaliatory headbutt, horns 2
a: Divine Shield, Renounce Religion


You were on level 2 of the Lair of Beasts.
You worshipped the Shining One.
The Shining One was most pleased with you.
You were not hungry.

You visited 3 branches of the dungeon, and saw 13 of its levels.
You also visited: Ossuary.

You collected 770 gold pieces.

Inventory:

Hand Weapons
 u - a +0 hunting sling
 H - a +8 flail of holy wrath (weapon)
Missiles
 h - 283 stones (quivered)
 p - 116 sling bullets
 C - 75 bolts
 D - 177 arrows
Armour
 c - a +0 kite shield (worn)
 o - +1 gold dragon scales (worn)
 z - a +2 chain mail of magic resistance
 A - a +0 pair of boots (worn)
 E - a +0 pair of gloves (worn)
 F - a +0 cloak (worn)
Jewellery
 i - a +6 ring of strength (left hand)
 m - a ring of poison resistance (right hand)
 n - an amulet of magic regeneration (around neck)
Wands
 a - a wand of paralysis (7)
 q - a wand of acid (7)
 x - a wand of enslavement (3)
 M - a wand of iceblast (8)
Scrolls
 k - a scroll of identify
 l - 3 scrolls of blinking
 t - 7 scrolls of teleportation
 y - 6 scrolls of remove curse
 B - a scroll of fog
 J - a scroll of magic mapping
Potions
 b - a potion of stabbing {unknown}
 d - 2 potions of might
 e - 5 potions of lignification
 g - 2 potions of flight
 j - 2 potions of curing
 r - 3 potions of cancellation
 s - 2 potions of haste {unknown}
 w - 2 potions of ambrosia {unknown}
 G - a potion of mutation {unknown}
 I - 2 potions of resistance {unknown}
Comestibles
 f - 31 rations
 v - a chunk of flesh


   Skills:
 + Level 9.5 Fighting
 + Level 14.8 Maces & Flails
 + Level 11.5 Armour
 + Level 1.0 Dodging
 + Level 5.3 Shields
 + Level 0.3 Invocations


You had 10 spell levels left.
You didn't know any spells.
Your spell library was empty.

Dungeon Overview and Level Annotations

Branches:
Dungeon (9/15)             Temple (1/1) D:4            Lair (3/6) D:9
 Shoals (0/4) Lair:2      Ossuary (visited)
  Snake: Lair:2-4    Spider: Lair:2-4       Orc: D:9-12

Altars:
Ashenzari
Cheibriados
Dithmenos
Elyvilon
Fedhas
Gozag
Hepliaklqana
Kikubaaqudgha
Makhleb
Nemelex Xobeh
Okawaru
Qazlal
Ru
Sif Muna
Trog
Uskayaw
Vehumet
Wu Jian
Xom
Yredelemnul
Zin
The Shining One

Shops:
D:4 }   D:6 ([

Annotations:
D:3 1 runed translucent door
Lair:1 exclusion: 2 oklob plants


Innate Abilities, Weirdness & Mutations

You reflexively headbutt those who attack you in melee.
You have a pair of horns on your head.


Message History

There is a stone staircase leading up, spattered with blood here.
The wolf barely misses you. The black mamba barely misses you.
You furiously retaliate!
You headbutt the black mamba, but do no damage.
The wolf bites you but does no damage. You block the wolf's attack.
You climb upwards.
There is a stone staircase leading down here.
The black mamba bites you.
* * * LOW HITPOINT WARNING * * *
You block the wolf's attack. The black mamba barely misses you.
The wolf bites you but does no damage. The wolf bites you.
* * * LOW HITPOINT WARNING * * *
You block the black mamba's attack. The black mamba bites you.
* * * LOW HITPOINT WARNING * * *
You block the wolf's attack. The wolf bites you!
* * * LOW HITPOINT WARNING * * *
You block the black mamba's attack. The wolf bites you but does no damage.
The black mamba bites you.
You die...

### #P.###############......P
#.##### ##.......................
P..#.P###..#.PP####.#..##P....>##
.....(..>..##### ##.............
.##.#...##.# #..#..##....#.
##.#####.#.### #............. ###
#.....#######...#.##>#....
##......h.#.#?..####..#....
##....>..hS@...<.# ##.#....
#P........#####.P# ##....รท.
##........# #..## #P.##.[.
##........# ###.# #P......
#..#...##.###...### ##...#..
##....###.......#.###P..#.P.
##P.#..#....P..#..#.###......
#.P.##.#.#...................
##..<#P..##..#.#.......#......


You could see a black mamba and 2 wolves.

Vanquished Creatures
  A hydra (Lair:1)
  An oklob plant (Lair:1)
  A rime drake (Lair:3)
  Prince Ribbit (D:5)
  2 hippogriffs
  5 blink frogs
  A snapping turtle (Lair:2)
  8 yaks
  A human (D:7)
  A basilisk (Lair:1)
  4 hogs (D:7)
  2 hungry ghosts (D:7)
  Edmund (D:5)
  7 porcupines
  A water moccasin (Lair:1)
  Duvessa (D:6)
  An orc warrior (D:8)
  2 sky beasts
  3 ice beasts
  An eye of draining (D:8)
  An ogre (D:9)
  The ghost of Frank the Insei, an amateur DsGl (D:3)
  5 wolves (Lair:2)
  A necrophage (D:9)
  3 centaurs
  5 crocodiles
  A gnoll sergeant (D:8)
  Dowan (D:6)
  4 scorpions
  2 electric eels
  4 crimson imps
  A quasit (D:6)
  Crazy Yiuf (D:5)
  A human zombie (Ossuary)
  A jelly (D:7)
  6 hounds
  2 iguanas
  Ijyb (D:4)
  2 orc priests
  5 bullfrog skeletons
  Natasha (thrice) (D:2)
  7 orc wizards
  3 worker ants
  A big kobold zombie (Ossuary)
  A hound zombie (Ossuary)
  A hound skeleton (D:4)
  4 mummies (Ossuary)
  A worker ant zombie (D:7)
  9 gnolls
  7 adders
  2 shadow imps (D:8)
  An ooze (D:1)
  2 adder zombies (Ossuary)
  An adder skeleton (D:4)
  A worm (D:2)
  3 dart slugs
  5 leopard geckos
  32 orcs
  6 giant cockroaches
  A gnoll zombie (Ossuary)
  7 goblins
  9 hobgoblins
  9 jackals
  6 quokkas
  2 ball pythons
  13 bats
  10 frilled lizards
  A goblin zombie (Ossuary)
  2 hobgoblin zombies (Ossuary)
  2 jackal zombies
  7 kobolds
  A kobold zombie (Ossuary)
  2 leopard gecko skeletons (D:4)
  An orc zombie (Ossuary)
  A quokka skeleton (D:5)
  10 rats
  A plant (Lair:1)
268 creatures vanquished.

Vanquished Creatures (others)
  A fungus (Lair:3)
  2 plants
3 creatures vanquished.

Grand Total: 271 creatures vanquished

Notes
Turn   | Place    | Note
-------+----------+-------------------------------------------
     0 | D:1      | funkygono the Minotaur Fighter began the quest for the Orb.
     0 | D:1      | Reached XP level 1. HP: 19/19 MP: 0/0
   187 | D:1      | Reached XP level 2. HP: 27/27 MP: 1/1
   375 | D:1      | Reached skill level 3 in Maces & Flails
   516 | D:2      | Reached XP level 3. HP: 33/33 MP: 2/2
   927 | D:2      | Noticed Natasha
   932 | D:2      | Killed Natasha
   932 | D:2      | Reached XP level 4. HP: 32/41 MP: 3/3
  1044 | D:2      | Noticed Natasha
  1048 | D:2      | Killed Natasha
  1048 | D:2      | Reached skill level 4 in Maces & Flails
  1125 | D:2      | Found an opulent altar of Gozag.
  1197 | D:2      | Noticed Natasha
  1208 | D:2      | Killed Natasha
  1282 | D:2      | Reached skill level 5 in Armour
  1282 | D:2      | Reached XP level 5. HP: 42/47 MP: 4/4
  1554 | D:3      | Found a runed translucent door.
  1849 | D:3      | Found a stormy altar of Qazlal.
  1891 | D:3      | Noticed Frank's ghost (amateur DsGl)
  1952 | D:3      | Reached skill level 5 in Maces & Flails
  2008 | D:3      | Found a runed translucent door.
  2046 | D:3      | Killed Frank's ghost
  2046 | D:3      | Reached XP level 6. HP: 44/53 MP: 5/5
  2626 | D:4      | Reached skill level 6 in Maces & Flails
  2674 | D:4      | Found Vuyrr's Gadget Emporium.
  2998 | D:4      | Noticed Ijyb
  3016 | D:4      | Killed Ijyb
  3031 | D:4      | Reached XP level 7. HP: 57/60 MP: 6/6
  3032 | D:4      | Found a staircase to the Ecumenical Temple.
  3044 | D:4      | Found a shattered altar of Ashenzari.
  3570 | Temple   | Entered the Ecumenical Temple
  3604 | Temple   | Became a worshipper of the Shining One
  3725 | D:5      | Entered Level 5 of the Dungeon
  3725 | D:5      | Noticed Prince Ribbit
  3741 | D:5      | Killed Prince Ribbit
  3741 | D:5      | Reached skill level 5 in Fighting
  3741 | D:5      | Reached skill level 7 in Maces & Flails
  4156 | D:5      | Reached skill level 8 in Maces & Flails
  4167 | D:5      | Reached XP level 8. HP: 37/69 MP: 7/7
  4557 | D:5      | Reached skill level 1 in Dodging
  4648 | D:5      | Noticed Edmund
  4660 | D:5      | Killed Edmund
  4660 | D:5      | Reached skill level 9 in Maces & Flails
  4698 | D:5      | Found a runed translucent door.
  4699 | D:5      | Noticed Crazy Yiuf
  4704 | D:5      | Killed Crazy Yiuf
  5074 | D:6      | Found a sand-covered staircase.
  5079 | Ossuary  | Entered an ossuary
  5079 | Ossuary  | Reached * piety under the Shining One
  5143 | Ossuary  | Reached ** piety under the Shining One
  5353 | D:6      | Found Siallacre's Weapon Boutique.
  5378 | D:6      | Noticed Dowan
  5379 | D:6      | Noticed Duvessa
  5385 | D:6      | Killed Dowan
  5391 | D:6      | Killed Duvessa
  5391 | D:6      | Reached skill level 10 in Maces & Flails
  5466 | D:6      | Found Loaghiyg's Armour Boutique.
  6035 | D:7      | Found a white marble altar of Elyvilon.
  6039 | D:7      | Reached XP level 9. HP: 77/78 MP: 8/8
  6446 | D:7      | Reached skill level 11 in Maces & Flails
  6902 | D:8      | Reached skill level 12 in Maces & Flails
  7160 | D:8      | Found the +11 plutonium sword {*Contam Stlth-}
  7177 | D:8      | Got a transparent falchion
  7248 | D:8      | Reached *** piety under the Shining One
  7305 | D:8      | Reached XP level 10. HP: 79/88 MP: 9/9
  7404 | D:8      | Noticed a deep elf mage
  7663 | D:9      | Found a staircase to the Lair.
  7874 | D:9      | Reached skill level 13 in Maces & Flails
  7874 | D:9      | Reached skill level 10 in Armour
  8048 | D:9      | Found a burning altar of Makhleb.
  8048 | D:9      | Noticed a blizzard demon
  8137 | D:9      | Identified the cursed +3 falchion of the Revolution
                  | {protect, +Inv MP+9 Str-3 Dex+4} (You found it on level 8
                  | of the Dungeon)
  8268 | Lair:1   | Entered Level 1 of the Lair of Beasts
  8313 | Lair:1   | Noticed a five-headed hydra
  8319 | Lair:1   | Killed a five-headed hydra
  8625 | Lair:1   | Noticed an oklob plant
  8625 | Lair:1   | Noticed an oklob plant
  8626 | Lair:1   | Noticed an oklob plant
  8650 | Lair:1   | Killed an oklob plant
  8650 | Lair:1   | Reached skill level 14 in Maces & Flails
  8862 | Lair:1   | HP: 3/91 [oklob plant/splash of acid (14)]
  8862 | Lair:1   | The Shining One protects you from harm!
  8864 | Lair:1   | The Shining One protects you from harm!
 10276 | Lair:2   | Reached XP level 11. HP: 87/97 MP: 10/10
 10604 | Lair:2   | Reached skill level 5 in Shields
 10714 | Lair:2   | Found a staircase to the Shoals.
 11451 | Lair:3   | HP: 4/97 [black mamba (3)]
 11468 | Lair:2   | HP: 1/97 [wolf (7)]
 11471 | Lair:2   | Slain by a black mamba

Illustrated notes

Levels and vault maps discovered:
D:1:      roderic_dead_forest, layout_rooms
D:2:      layout_loops_ring, nicolae_gozag_seed_capital, uniq_natasha
D:3:      layout_basic, ebering_ghost_sewer_f, first_ration,
          nicolae_qazlal_eye_of_the_storm
D:4:      wad_river_or_something, layout_basic, evilmike_ruin_ashenzari,
          serial_shops, shop, uniq_ijyb
D:5:      layout_loops_ring, minmay_liquid_box, uniq_crazy_yiuf_cottage,
          uniq_prince_ribbit1, uniq_edmund
D:6:      layout_loops_cross, serial_shops, nicolae_shop_behind_doors,
          nicolae_shop_stone, enter_ossuary_5, minmay_statues_item,
          nicolae_water_bricks, uniq_duvessa
D:7:      layout_basic, elyvilon_altar_3, grunt_livestock
D:8:      layout_rooms, lightli_corner_chamber
D:9:      layout_loops_ring, makhleb_altar_promises_db, lair_entry_dummy
Temple:   regret_index_temple_mists
Lair:1:   layout_chaotic_city, chequers_serial_rivers_small_a,
          lemuel_fruit_tree, grunt_megastairs_5, minmay_lair_oklob_chamber
Lair:2:   layout_loops_ring, minmay_shoals_entry_hut
Lair:3:   layout_chaotic_city, portal_ice_cave_entry_pillars_1,
          gammafunk_ghost_arena, serial_bayou_pond_b, wad_woods_road_03,
          infiniplex_staircase_pool

Skill      XL: |  1  2  3  4  5  6  7  8  9 10 11 |
---------------+----------------------------------+-----
Armour         | 4 5 6 7 8 9 10 11 | 11.5
Maces & Flails | 3 4 5 6 8 10 12 14 | 14.8
Fighting       | 4 5 6 8 9 |  9.5
Dodging        | 1 |  1.0
Shields        | 4 5 |  5.3
Invocations    | |  0.3

Action                   |  1- 3 |  4- 6 |  7- 9 | 10-12 || total
-------------------------+-------+-------+-------+-------++-------
Melee: Flail             |   111 |   182 |   276 |   191 ||   760
       Headbutt          |    18 |    32 |    52 |    36 ||   138
Invok: Divine Shield     |       |       |       |     2 ||     2
  Use: Scroll            |     1 |     5 |    13 |     4 ||    23
       Potion            |       |       |       |     3 ||     3
  Eat: Chunk             |       |     7 |    15 |     6 ||    28
       Ration            |       |       |       |     2 ||     2
Armor: Scale mail        |    38 |       |       |       ||    38
       Gold dragon scale |    44 |   126 |   218 |   132 ||   520
       Chain mail        |       |       |    19 |       ||    19
       Plate armour      |       |       |     9 |       ||     9
Dodge: Dodged            |    30 |    21 |    52 |    19 ||   122
Block: Kite shield       |    65 |   100 |   169 |   104 ||   438
